 Seeded DCSS version 0.27.1-34-g3ba077fa99 (webtiles) character file.

Game seed: 1001837481477946641 (custom seed)

105 AbsoluteStateOfPlay the Shield-Bearer (level 4, -3/42 HPs)
             Began as a Deep Dwarf Fighter on Jan 11, 2022.
             Slain by Grinder (4 damage)
             ... on level 3 of the Dungeon.
             The game lasted 00:02:13 (1288 turns).

AbsoluteStateOfPlay the Shield-Bearer (DDFi)        Turns: 1288, Time: 00:02:14

Health: -3/42      AC:  7    Str: 20    XL:     4   Next: 54%
Magic:  3/3        EV:  7    Int:  9    God:
Gold:   56         SH:  9    Dex: 12    Spells: 3/3 levels left

rFire    . . .     SeeInvis .   a - +0 war axe
rCold    . . .     Faith    .   c - +0 kite shield
rNeg     . . .     Spirit   .   b - +0 scale mail
rPois    .         Reflect  .   (no helmet)
rElec    .         Harm     .   (no cloak)
rCorr    +         Rampage  .   (no gloves)
Will     +....                  (no boots)
Stlth    ..........             (no amulet)
HPRegen  0.00/turn              e - ring "Kegea" {Will+ rCorr Slay+2}
MPRegen  0.08/turn              (no ring)

@: no status effects
A: damage resistance, heal wounds, sense surroundings 1, no regeneration
a: Heal Wounds


You were on level 3 of the Dungeon.
You visited 1 branch of the dungeon, and saw 3 of its levels.

You collected 56 gold pieces.

Inventory:

Hand Weapons
 a - a +0 war axe (weapon)
Armour
 b - a +0 scale mail (worn)
 c - a +0 kite shield (worn)
Jewellery
 e - the ring "Kegea" (left hand) {Will+ rCorr Slay+2}
   (You acquired it on level 1 of the Dungeon)

   [ring of resist corrosion]

   Slay:      It affects your accuracy & damage with ranged weapons and melee
   (+2).
   rCorr:     It protects you from acid and corrosion.
   Will:      It increases your willpower.
Scrolls
 f - a scroll of torment {unknown}
 g - 2 scrolls of amnesia {unknown}
 i - 2 scrolls of identify {unknown}
Potions
 d - a potion of might
 h - a potion of lignification {unknown}
 j - a potion of mutation {unknown}


   Skills:
 + Level 3.4 Fighting
 + Level 3.5 Axes
 + Level 3.9 Armour
 + Level 0.2 Dodging
 + Level 0.2 Stealth
 + Level 3.9 Shields


You had 3 spell levels left.
You didn't know any spells.
Your spell library contained the following spells:

 Spells                   Type           Power      Damage    Failure   Level
 Summon Guardian Golem    Hex/Summ       0%         N/A       100%        3
 Orb of Destruction       Conj           0%         N/A       100%        7
 Spellforged Servitor     Conj/Summ      0%         N/A       100%        7


Dungeon Overview and Level Annotations

Branches:
Dungeon (3/15)

Altars:
Uskayaw

Annotations:
D:3 Grinder


Innate Abilities, Weirdness & Mutations

You are resistant to damage.
You can heal yourself by infusing magical energy.
You passively map a small area around you.
You do not regenerate.


Message History

Grinder hits you but does no damage.
You hit Grinder.
Grinder is lightly wounded.
Grinder hits you.
You writhe in agony.
You block Grinder's attack.
You barely miss Grinder.
Grinder is lightly wounded.
Grinder blinks!
The rat twitches its whiskers.
The rat bites you.
You closely miss the rat. The rat bites you but does no damage.
You slash the rat!
You kill the rat!
You closely miss Grinder.
Grinder is lightly wounded.
Grinder hits you but does no damage. Grinder barely misses you.
You slash Grinder!
Grinder is heavily wounded.
You block Grinder's attack.
You barely miss Grinder.
Grinder is heavily wounded.
Grinder hits you.
You writhe in agony.
You block Grinder's attack.
You barely miss Grinder.
Grinder is heavily wounded.
You block Grinder's attack. Grinder hits you!
You slash Grinder!
Grinder is severely wounded.
Grinder gestures at you. You resist with almost no effort.
You completely miss Grinder.
Grinder is severely wounded.
Grinder drinks a potion.
Grinder is healed!
Grinder blinks!
You see here a rat corpse.
Grinder hits you!
* * * LOW HITPOINT WARNING * * *
You writhe in agony.
* * * LOW HITPOINT WARNING * * *
You slash Grinder!
Grinder is severely wounded.
Grinder hits you.
You die...

#[...##### ** [......... ,
.......###* ** * * *
.......# * , #....### # #
#....#########>#######.###
#.##.........#............
, #.##.#######.# ##†..# *
#.##.# ##.###@###.# , * *
#.##.# #...#5## .. ,
#.##.# #.###..# ... .....#
#.. #..# * .## , * #. #.#
#.,* #.#.# * # #.# #.*
.###.. * ,** #, .. ... * *
, .# .##* * * * ** .. #


You could see Grinder.

Vanquished Creatures
  4 gnolls (D:2)
  An adder (D:3)
  A worm (D:3)
  3 endoplasms
  3 giant cockroaches
  8 goblins
  9 hobgoblins
  4 jackals (D:1)
  A quokka (D:2)
  4 ball pythons
  3 bats
  3 frilled lizards
  5 kobolds
  3 rats
52 creatures vanquished.

Notes
Turn   | Place    | Note
-------+----------+-------------------------------------------
     0 | D:1      | AbsoluteStateOfPlay the Deep Dwarf Fighter began the quest
                  | for the Orb.
     0 | D:1      | Reached XP level 1. HP: 20/20 MP: 1/1
    14 | D:1      | Found a faded altar of an unknown god.
    38 | D:1      | Identified a scroll of acquirement
    38 | D:1      | Acquired the ring "Kegea" {Will+ rCorr Slay+2}
   173 | D:1      | Reached XP level 2. HP: 26/28 MP: 2/2
   344 | D:1      | Reached XP level 3. HP: 25/34 MP: 3/3
   366 | D:1      | You fall into a shaft and drop 1 floor!
   864 | D:2      | Found a hide-covered altar of Uskayaw.
   938 | D:2      | Reached XP level 4. HP: 33/42 MP: 3/3
  1274 | D:3      | Noticed Grinder
  1287 | D:3      | HP: 1/42 [Grinder (4)]
  1288 | D:3      | Slain by Grinder

Illustrated notes

Levels and vault maps discovered:
D:1:      wander_arrival_fairy_ring, layout_rooms,
          ebering_ecumenical_altar_abandoned
D:2:      layout_basic, basic_altar, minmay_misc_feat_columns
D:3:      layout_loops_ring, nzn_wu_jian_council_hall, gammafunk_ghost_split,
          uniq_grinder, uniq_robin

Skill      XL: |  1  2  3 |
---------------+----------+-----
Fighting       | 3 |  3.4
Axes           | 3 |  3.5
Armour         | |  3.9
Dodging        | |  0.2
Stealth        | |  0.2
Shields        | |  3.9

Action                   |  1- 3 |  4- 6 || total
-------------------------+-------+-------++-------
Melee: War axe           |   118 |    21 ||   139
 Abil: Heal Wounds       |     1 |       ||     1
  Use: Scroll            |     1 |       ||     1
Armor: Scale mail        |    55 |     6 ||    61
Dodge: Dodged            |    36 |     3 ||    39
Block: Kite shield       |    76 |     8 ||    84
